 Dungeon Crawl Stone Soup version 0.29-a0-294-g83ea962da3 (webtiles) character file.

Game seed: 17690161423098622235

22312 tilp the Fighter (level 12, 61/61 HPs)
             Began as a Felid Ice Elementalist on Mar 18, 2022.
             Was an Elder of Vehumet.
             Quit the game on level 12 of the Dungeon on Mar 19, 2022.
             The game lasted 00:44:49 (25378 turns).

tilp the Fighter (Felid Ice Elementalist)          Turns: 25378, Time: 00:44:50

Health: 61/61      AC:  3    Str:  4    XL:     12   Next: 61%
Magic:  23/23      EV: 21    Int: 22    God:    Vehumet [****..]
Gold:   520        SH:  0    Dex: 16    Spells: 2/25 levels left
                                        Lives:  0   Deaths: 2

rFire   . . .      SeeInvis +     - Unarmed
rCold   + . .      Faith    .   (shield unavailable)
rNeg    . . .      Spirit   .   (body armour unavailable)
rPois   .          Reflect  .   (helmet unavailable)
rElec   .          Harm     .   (cloak unavailable)
rCorr   .          Rampage  .   (gloves unavailable)
Will    +....                   (boots unavailable)
Stlth   ++++......              v - amulet of magic regeneration
HPRegen 0.20/turn               s - ring of flight
MPRegen 0.58/turn               u - +4 ring of slaying

@: flying, quick
A: very small, claws 1, fangs 3, see invisible, speed 1, shaggy fur 3, stealthy
paws, no weapons or thrown items, no armour, multi-lived
a: Renounce Religion


You were on level 12 of the Dungeon.
You worshipped Vehumet.
Vehumet was greatly pleased with you.
You visited 3 branches of the dungeon, and saw 18 of its levels.

You collected 1101 gold pieces.
You spent 581 gold pieces at shops.

Inventory:

Jewellery
 k - an amulet of reflection
 s - a ring of flight (left paw)
 u - a +4 ring of slaying (right paw)
 v - an amulet of magic regeneration (around neck)
Wands
 p - a wand of flame (33)
 q - a wand of digging (1)
 r - a wand of iceblast (16)
 t - a wand of polymorph (2)
 y - a wand of paralysis (2)
 A - a wand of mindburst (2)
 D - a wand of charming (4)
Scrolls
 b - 4 scrolls of amnesia
 l - 9 scrolls of teleportation
 m - a scroll of identify
 n - 5 scrolls of vulnerability
 C - a scroll of immolation
 E - a scroll of torment
 G - a scroll of silence
Potions
 a - 4 potions of haste
 c - a potion of invisibility
 d - 2 potions of lignification
 e - 5 potions of cancellation
 f - a potion of attraction
 g - 8 potions of mutation
 h - 3 potions of ambrosia
 i - 3 potions of brilliance
 j - 4 potions of curing
 o - 2 potions of heal wounds
 w - 2 potions of flight
 x - 6 potions of berserk rage
 z - 3 potions of might
Miscellaneous
 B - a box of beasts


   Skills:
 - Level 12.0 Fighting
 - Level 8.0 Dodging
 - Level 10.0 Stealth
 - Level 8.0 Unarmed Combat
 - Level 7.0 Spellcasting
 - Level 10.0 Conjurations
 - Level 4.0 Translocations
 - Level 10.0 Ice Magic
 + Level 1.4 Air Magic
 - Level 8.0 Evocations


You had 2 spell levels left.
You knew the following spells:

 Your Spells              Type           Power      Damage    Failure   Level
a - Freeze                Ice            100%       1d11      1%          1
b - Frozen Ramparts       Ice            100%       1d12      1%          3
c - Ozocubu's Armour      Ice            51%        N/A       1%          3
d - Hailstorm             Conj/Ice       51%        3d11      1%          4
e - Iskenderun's Mystic   Conj/Tloc      38%        2d9       1%          4
f - Stone Arrow           Conj/Erth      58%        3d10      1%          3
g - Freezing Cloud        Conj/Ice/Air   19%        6-21      3%          5

Your spell library contained the following spells:

 Spells                   Type           Power      Damage    Failure   Level
 Irradiate                Conj/Tmut      14%        3d18      8%          5
 Sandblast                Erth           14%        2d6       2%          1
 Passwall                 Tmut/Erth      5%         N/A       12%         2
 Dazzling Flash           Conj/Hex       58%        N/A       1%          3
 Lightning Bolt           Conj/Air       16%        1d30      6%          5
 Airstrike                Air            6%         N/A       13%         4
 Call Canine Familiar     Summ           7%         N/A       24%         3
 Metabolic Englaciation   Hex/Ice        14%        N/A       28%         5
 Starburst                Conj/Fire      14%        6d6       36%         6
 Summon Lightning Spire   Summ/Air       10%        N/A       52%         4
 Leda's Liquefaction      Hex/Erth       3%         N/A       63%         4
 Simulacrum               Ice/Necr       14%        N/A       85%         6
 Alistair's Intoxication  Tmut/Pois      4%         N/A       92%         5
 Borgnjor's Vile Clutch   Necr/Erth      3%         N/A       92%         5
 Eringya's Noxious Bog    Tmut/Pois      3%         N/A       95%         6
 Polar Vortex             Ice            25%        N/A       100%        9
 Portal Projectile        Hex/Tloc       Unusable   N/A       N/A         3

Dungeon Overview and Level Annotations

Branches:
Dungeon (12/15)            Temple (1/1) D:7            Lair (5/6) D:9
 Shoals (0/4) Lair:3        Snake (0/4) Lair:2        Slime (0/5) Lair:5
    Orc: D:9-12

Altars:
Ashenzari
Cheibriados
Dithmenos
Elyvilon
Fedhas
Gozag
Hepliaklqana
Kikubaaqudgha
Makhleb
Nemelex Xobeh
Okawaru
Qazlal
Ru
Sif Muna
Trog
Uskayaw
Vehumet
Wu Jian
Xom
Yredelemnul
Zin
The Shining One
Jiyva

Shops:
D:6 :   D:7 **

Annotations:
D:9 2 transporters
Lair:1 3 runed translucent doors, Fulomu's ghost, journeyman MiEn
Lair:2 3 runed translucent doors, Athor's ghost, journeyman VSFi
Lair:5 2 transporters, PanSaczeczos's ghost, journeyman MiCA


Innate Abilities, Weirdness & Mutations

You have sharp claws.
You have razor-sharp teeth.
You have supernaturally acute eyesight. (SInv)
You cover ground quickly. (Speed+)
Your thick and shaggy fur keeps you warm. (AC +3, rC+)
Your paws help you pounce on unaware monsters.
You are incapable of wielding weapons or throwing items.
You cannot wear armour.
You gain extra lives every three experience levels.


Message History

Confirm with . or Enter, or press ? or * to list all spells.
You erupt in a blast of force!
The mystic blast hits the centaur warrior.
The centaur warrior is lightly wounded.
The centaur warrior is knocked back by the mystic blast.
The wall freezes the centaur warrior.
The centaur warrior unwields a +2 flail of pain.
The centaur warrior wields a +0 shortbow.
The centaur warrior shoots an arrow.
The arrow hits you!
* * * LOW HITPOINT WARNING * * *
Unknown command.
Casting: Iskenderun's Mystic Blast (dangerous; 1% risk of failure)
Confirm with . or Enter, or press ? or * to list all spells.
Aiming: Stone Arrow (safe; 1% risk of failure)
Press: ? - help, Shift-Dir - straight line, f - centaur warrior
Aim: a centaur warrior, wielding a +0 shortbow and quivering stones (moderately wounded, 79% to hit)
The stone arrow misses the centaur warrior.
The wall freezes the centaur warrior.
Unknown command.
Unknown command.
Casting: Stone Arrow (safe; 1% risk of failure)
Confirm with . or Enter, or press ? or * to list all spells.
Aiming: Stone Arrow (safe; 1% risk of failure)
Press: ? - help, Shift-Dir - straight line, f/p - centaur warrior
Aim: a centaur warrior, wielding a +0 shortbow and quivering stones (moderately wounded, 79% to hit)
The stone arrow hits the centaur warrior!
The centaur warrior is heavily wounded.
The wall freezes the centaur warrior.
The centaur warrior unwields a +0 shortbow.
The centaur warrior wields a +2 flail of pain.
The centaur warrior hits you with a +2 flail of pain.
* * * LOW HITPOINT WARNING * * *
You writhe in agony.
You die...
The centaur warrior barely misses you.
You are now level 12!
You rejoin the land of the living...
Unknown command.
Unknown command.
Are you sure you want to abandon this character and quit the game? (Confirm with "yes".)

#. ##### #...#
.................. #...#
.............##..# #...#
.............##..# #...#
....p........##.@# #...#
..?..........##........#
#....
.......................#
#....
........>........^.....#
#....
......°°°....$#..#####.#
#...# ......°.°.....#..#
# #...#
.......°°.....#..# #.#
#.##...#
.......°......#..# #.#
#.##...#
..............#..# #.#
#.##...#


There were no monsters in sight!

Vanquished Creatures
  3 hydras
  A catoblepas (Lair:4)
  6 two-headed ogres
  8 death yaks
  A death knight (D:12)
  Amaemon (Lair:2)
  A manticore (Lair:3)
  A cyclops (D:12)
  2 black mambas
  Joseph (D:7)
  An unseen horror (D:6)
  A gargoyle (D:12)
  An orange demon (Lair:2)
  8 cane toads
  A freezing wraith (D:12)
  2 kobold demonologists (D:11)
  3 rime drakes (Lair:2)
  3 komodo dragons
  A wind drake (Lair:3)
  3 polar bears
  2 hornets
  4 trolls
  10 blink frogs
  3 shadows
  4 wyverns
  40 yaks
  A wraith (D:11)
  3 basilisks
  A vampire (D:10)
  The ghost of mopl the Twirler, an amateur PaGl (D:3)
  A steam dragon (D:8)
  A vampire mosquito (D:12)
  2 acid dragons
  10 water moccasins
  3 nagas (Lair:2)
  3 orc warriors
  2 sky beasts
  An ice beast (D:7)
  4 black bears
  17 wolves
  2 ogres
  A centaur (D:8)
  2 phantoms
  3 kobold brigands
  Blork the orc (D:6)
  17 bullfrogs
  3 scorpions
  A necrophage (D:6)
  3 wights (D:9)
  5 killer bees (D:11)
  3 howler monkeys (D:11)
  An electric eel (Lair:1)
  A gnoll shaman (D:8)
  3 jellies
  8 orc priests
  4 hounds
  Crazy Yiuf (D:2)
  3 iron imps (D:3)
  Jessica (D:3)
  2 iguanas (D:4)
  10 orc wizards
  8 gnolls
  10 adders
  A shadow imp (D:7)
  2 white imps
  2 worms
  A dart slug (D:1)
  48 orcs
  3 bats
  12 endoplasms
  3 giant cockroaches
  8 hobgoblins
  3 jackals (D:1)
  23 kobolds
  3 quokkas
  11 ball pythons
  2 frilled lizards
  7 goblins
  4 rats
  A spectral hobgoblin (D:3)
389 creatures vanquished.

Vanquished Creatures (others)
  38 fungi
  31 plants
69 creatures vanquished.

Grand Total: 458 creatures vanquished

Notes
Turn   | Place    | Note
-------+----------+-------------------------------------------
     0 | D:1      | tilp the Felid Ice Elementalist began the quest for the
                  | Orb.
     0 | D:1      | Reached XP level 1. HP: 7/7 MP: 4/4
   158 | D:1      | Reached XP level 2. HP: 4/12 MP: 4/6
   715 | D:1      | Reached skill level 1 in Fighting
  1089 | D:2      | Reached XP level 3. HP: 14/15 MP: 3/7
  1093 | D:2      | Learned a level 3 spell: Frozen Ramparts
  1446 | D:2      | Found a faded altar of an unknown god.
  1889 | D:2      | Reached XP level 4. HP: 15/19 MP: 6/8
  2207 | D:2      | Found a runed translucent door.
  2208 | D:2      | Noticed Crazy Yiuf
  2461 | D:3      | Noticed mopl's ghost (amateur PaGl)
  2493 | D:3      | Found a runed translucent door.
  2510 | D:3      | Reached skill level 2 in Fighting
  2528 | D:3      | Noticed Jessica
  2537 | D:3      | Killed Jessica
  2538 | D:3      | Reached skill level 5 in Ice Magic
  2538 | D:3      | Reached XP level 5. HP: 22/22 MP: 5/10
  2551 | D:3      | Learned a level 3 spell: Ozocubu's Armour
  2781 | D:3      | Identified the +10 dagger "Ypirph" {spect, Stlth+}
  2859 | D:3      | Found an ancient bone altar of Kikubaaqudgha.
  3022 | D:3      | Found a burning altar of Makhleb.
  3179 | D:3      | Noticed a phantom
  3217 | D:3      | Found a hazy altar of Hepliaklqana.
  3830 | D:4      | Noticed an ogre
  4325 | D:4      | Gained mutation: You are covered in thick fur. (AC +2)
                  | [Felid growth]
  4325 | D:4      | Reached XP level 6. HP: 26/26 MP: 6/11
  5000 | D:4      | Reached skill level 1 in Unarmed Combat
  5162 | D:4      | Reached skill level 3 in Fighting
  5227 | D:4      | Found a stormy altar of Qazlal.
  5242 | D:4      | Learned a level 4 spell: Hailstorm
  5253 | D:5      | Entered Level 5 of the Dungeon
  5258 | D:5      | Reached XP level 7. HP: 19/31 MP: 4/12
  5905 | D:5      | Reached skill level 4 in Fighting
  6053 | D:5      | Reached skill level 5 in Stealth
  6451 | D:5      | Found a sacrificial altar of Ru.
  6595 | D:6      | Reached skill level 1 in Conjurations
  6694 | D:6      | Found Kuam's Book Shoppe.
  6736 | D:6      | Noticed Blork the orc
  6759 | D:6      | Noticed an unseen horror
  6766 | D:6      | Killed an unseen horror
  6767 | D:6      | Reached XP level 8. HP: 28/36 MP: 2/14
  7075 | D:6      | Found a white marble altar of Elyvilon.
  7084 | D:6      | Found a broken altar of Ashenzari.
  7457 | D:6      | Reached skill level 5 in Fighting
  7853 | D:6      | Found a glowing silver altar of Zin.
  8055 | D:7      | Reached XP level 9. HP: 40/40 MP: 5/16
  8185 | D:7      | Found a staircase to the Ecumenical Temple.
  8209 | Temple   | Entered the Ecumenical Temple
  8427 | Temple   | Became a worshipper of Vehumet
  8736 | D:7      | Reached skill level 5 in Conjurations
  8909 | D:7      | Found Hisaw's General Store.
  8913 | D:7      | Found Jiarext's Specific Store.
  8923 | D:7      | Bought a potion of heal wounds for 75 gold pieces
  9041 | D:7      | Noticed Joseph
  9082 | D:7      | Found a shadowy altar of Dithmenos.
  9607 | D:8      | Reached skill level 6 in Fighting
  9607 | D:8      | Reached skill level 5 in Spellcasting
 10547 | D:9      | Noticed Maurice
 10898 | D:9      | Found a staircase to the Lair.
 10912 | D:8      | Reached skill level 1 in Evocations
 11161 | D:9      | Reached XP level 10. HP: 39/45 MP: 2/18
 11520 | D:9      | Noticed a two-headed ogre
 11617 | D:9      | Killed a two-headed ogre
 11825 | D:9      | Found a hide-covered altar of Uskayaw.
 11858 | D:9      | Noticed Maurice
 11858 | D:9      | Maurice changed into Maurice the water moccasin
 11863 | D:9      | Killed Maurice the water moccasin
 11971 | D:9      | Learned a level 4 spell: Iskenderun's Mystic Blast
 11989 | D:9      | Found a transporter.
 11994 | D:9      | Found a transporter.
 11994 | D:9      | Noticed a great orb of eyes
 11998 | D:9      | Found a viscous altar of Jiyva.
 12769 | D:10     | Entered Level 10 of the Dungeon
 13143 | D:10     | Noticed a two-headed ogre
 13154 | D:10     | Killed a two-headed ogre
 13384 | D:10     | Found a bloodstained altar of Trog.
 13391 | D:10     | Noticed a two-headed ogre
 13404 | D:10     | Killed a two-headed ogre
 13405 | D:10     | Reached skill level 5 in Dodging
 13497 | D:10     | Reached XP level 11. HP: 49/49 MP: 10/19
 13599 | D:10     | Reached skill level 7 in Fighting
 13739 | D:10     | Found an iron altar of Okawaru.
 13845 | D:10     | Reached skill level 5 in Evocations
 13846 | D:10     | Reached * piety under Vehumet
 13846 | D:10     | Offered knowledge of Foxfire by Vehumet.
 14201 | D:10     | Identified the +3 quarterstaff of Gyniagh {vamp, rC+ Str+4
                  | Int+3}
 14806 | D:11     | Noticed a two-headed ogre
 15313 | D:11     | Killed a two-headed ogre
 15314 | D:11     | Reached skill level 8 in Fighting
 15466 | D:11     | Noticed a two-headed ogre
 15474 | D:11     | Killed a two-headed ogre
 15627 | D:11     | Noticed Sonja
 15633 | D:11     | Noticed Sonja
 15633 | D:11     | Sonja changed into Sonja the basilisk
 15638 | D:11     | Killed Sonja the basilisk
 15943 | D:2      | Killed Crazy Yiuf
 16020 | D:3      | Killed mopl's ghost
 16336 | D:6      | Killed Blork the orc
 16675 | D:7      | Killed Joseph
 16798 | Lair:1   | Entered Level 1 of the Lair of Beasts
 16981 | Lair:1   | Reached ** piety under Vehumet
 17018 | Lair:1   | Found a runed translucent gate.
 17018 | Lair:1   | Found a runed translucent gate.
 17018 | Lair:1   | Found a runed translucent gate.
 17085 | Lair:1   | Offered knowledge of Scorch by Vehumet.
 17201 | Lair:1   | Noticed Fulomu's ghost (journeyman MiEn)
 17296 | Lair:1   | Gained mutation: Your thick and shaggy fur keeps you warm.
                  | (AC +3, rC+) [Felid growth]
 17296 | Lair:1   | Reached XP level 12. HP: 56/56 MP: 13/21
 17897 | Lair:2   | Noticed an eight-headed hydra
 17900 | Lair:2   | Found a runed translucent gate.
 17901 | Lair:2   | Found a runed translucent gate.
 17902 | Lair:2   | Found a runed translucent gate.
 17910 | Lair:2   | Noticed Athor's ghost (journeyman VSFi)
 18111 | Lair:2   | Noticed Amaemon
 18112 | Lair:2   | Found a staircase to the Snake Pit.
 18259 | Lair:2   | Reached skill level 9 in Fighting
 18337 | Lair:2   | Offered knowledge of Inner Flame by Vehumet.
 18442 | Lair:2   | Learned a level 3 spell: Stone Arrow
 19253 | Lair:2   | Reached *** piety under Vehumet
 19738 | Lair:2   | Killed Amaemon
 20173 | Lair:3   | Found a staircase to the Shoals.
 20731 | Lair:3   | Reached skill level 10 in Fighting
 21230 | Lair:4   | Noticed a four-headed hydra
 21292 | Lair:4   | Killed a four-headed hydra
 21444 | Lair:4   | Noticed a death yak
 21460 | Lair:4   | Offered knowledge of Flame Wave by Vehumet.
 21461 | Lair:4   | Reached skill level 10 in Conjurations
 21462 | Lair:4   | Reached skill level 10 in Ice Magic
 21745 | Lair:4   | Noticed a death yak
 21782 | Lair:4   | Noticed a death yak
 21860 | Lair:4   | Reached XP level 13. HP: 59/61 MP: 24/24
 22498 | Lair:4   | Reached skill level 5 in Unarmed Combat
 22938 | Lair:5   | Reached **** piety under Vehumet
 22951 | Lair:5   | Found a transporter.
 23051 | Lair:5   | Offered knowledge of Irradiate by Vehumet.
 23087 | Lair:5   | Found a blossoming altar of Fedhas.
 23115 | Lair:5   | Noticed PanSaczeczos's ghost (journeyman MiCA)
 23128 | Lair:5   | Found a transporter.
 23154 | Lair:5   | Found a runed translucent door.
 23160 | Lair:5   | Reached skill level 11 in Fighting
 23160 | Lair:5   | Reached XP level 14. HP: 67/67 MP: 25/25
 23161 | Lair:5   | Found a viscous altar of Jiyva.
 23163 | Lair:5   | Found a staircase to the Slime Pits.
 23234 | Lair:5   | HP: 2/67 [eight-headed hydra (8)]
 23234 | Lair:5   | Slain by an eight-headed hydra
 23235 | Lair:5   | Reached XP level 13. HP: 0/63 MP: 11/24
 23405 | Lair:5   | Reached skill level 10 in Stealth
 23855 | D:9      | Found a shimmering altar of Xom.
 24233 | D:6      | Bought a book of Ice for 506 gold pieces
 24239 | D:6      | Learned a level 5 spell: Freezing Cloud
 24712 | D:12     | Reached skill level 1 in Air Magic
 24754 | D:12     | Reached skill level 12 in Fighting
 25377 | D:12     | HP: 3/64 [centaur warrior/+2 flail of pain (5)]
 25377 | D:12     | Slain by a centaur warrior
 25378 | D:12     | Reached XP level 12. HP: -1/61 MP: 11/23
 25378 | D:12     | Quit the game

Illustrated notes

Levels and vault maps discovered:
D:1:      ebering_trefoil_twist, layout_rooms
D:2:      layout_basic, ebering_ecumenical_altar_mist, uniq_crazy_yiuf_cottage
D:3:      layout_basic, nicolae_overflow_hidden_temple,
          nicolae_hepliaklqana_monster_ancestors, demons_altar,
          hellmonk_ghost_happy_afterlife, uniq_jessica
D:4:      layout_basic, nicolae_qazlal_eye_of_the_storm,
          hangedman_decor_opposing
D:5:      layout_loops_ring, lemuel_coloured_pillars_altar
D:6:      layout_loops_cross, marbit_many_paths, mainiacjoe_overflow_swirl,
          serial_shops, nicolae_inconvenience_store, uniq_blork_the_orc
D:7:      layout_loops_ring, nicolae_dithmenos_the_darkroom,
          minmay_temple_entry_wispy, nicolae_specific_store, uniq_joseph
D:8:      layout_basic
D:9:      gammafunk_jiyva_shrine, layout_irregular_city, kennysheep_mini_moat,
          tgw_xom, david_lair_generic, minmay_misc_feat_secret_circle,
          uniq_maurice
D:10:     layout_irregular_city, mainiacjoe_overflow_small_starburst,
          kennysheep_okawaru_gauntlet, minmay_misc_feat_five, corner_web_ring,
          kennysheep_generic_room_4
D:11:     layout_long_grid, uniq_sonja
D:12:     minmay_the_grid_triangle_9x9_rhombus_full_mashed
          [minmay_the_grid_triangle_9x9_negative_grid,
          minmay_the_grid_triangle_9x9_swiss_cheese,
          minmay_the_grid_triangle_9x9_wacky_v,
          minmay_the_grid_triangle_9x9_thin_v,
          minmay_the_grid_triangle_9x9_shrine,
          minmay_the_grid_triangle_9x9_semitri,
          minmay_the_grid_triangle_9x9_corruption,
          minmay_the_grid_triangle_9x9_prize_insulated], layout_long_grid,
          erik_orc_1
Temple:   jpeg_temple_island
Lair:1:   layout_roguey, gammafunk_ghost_icy, beast_lair_carwin_6,
          grunt_megastairs_2, infiniplex_staircase_pool, serial_bayou_shore_b
Lair:2:   layout_hall_layers, minmay_snake_entry_guardpost_small,
          gammafunk_ghost_split, st_stairs_7, uniq_amaemon
Lair:3:   layout_small_grid, minmay_shoals_entry_beasts, grunt_megastairs_3
Lair:4:   layout_roguey, grunt_megastairs_5, serial_bayou_shore_b
Lair:5:   layout_small_grid, slime_altar_2, basic_altar,
          gammafunk_ghost_berserking_beasts, lightli_volcano_entry_magma_tube

Skill      XL: |  1  2  3  4  5  6  7  8  9 10 11 12 13 |
---------------+----------------------------------------+-----
Ice Magic      | 4 5 6 7 8 10 | 10.0
Fighting       | 1 2 3 4 5 6 8 10 12 | 12.0
Spellcasting   | 3 4 5 7 |  7.0
Dodging        | 3 4 5 6 8 |  8.0
Stealth        | 3 6 7 8 10 | 10.0
Unarmed Combat | 1 2 3 4 8 |  8.0
Conjurations   | 2 4 7 8 10 | 10.0
Evocations     | 1 4 7 8 |  8.0
Translocations | 4 |  4.0
Air Magic      | 1 |  1.4

Action                   |  1- 3 |  4- 6 |  7- 9 | 10-12 | 13-15 || total
-------------------------+-------+-------+-------+-------+-------++-------
Melee: Unarmed           |    14 |    14 |    53 |    71 |     2 ||   154
       Bite              |     3 |     1 |     7 |    12 |       ||    23
       Punch             |       |       |     1 |     5 |       ||     6
 Cast: Freeze            |    51 |    37 |    66 |    16 |     2 ||   172
       Frozen Ramparts   |     5 |    18 |    41 |    59 |    11 ||   134
       Ozocubu's Armour  |       |     7 |    27 |    47 |    13 ||    94
       Hailstorm         |       |       |     6 |   148 |    65 ||   219
       Iskenderun's Myst |       |       |       |    57 |    10 ||    67
       Stone Arrow       |       |       |       |    19 |    48 ||    67
       Freezing Cloud    |       |       |       |       |     8 ||     8
Evoke: Wand              |       |       |     1 |     9 |     1 ||    11
  Use: Potion            |     1 |       |       |       |     1 ||     2
       Scroll            |     2 |     8 |     8 |     6 |     3 ||    27
 Stab: Sleeping          |     5 |     7 |     4 |     8 |     1 ||    25
Armor: Skin              |       |     4 |    22 |    28 |     5 ||    59
Dodge: Dodged            |    44 |    44 |    84 |   126 |    20 ||   318
Block: Other             |       |       |    21 |     8 |       ||    29
       Reflection        |       |       |     3 |     1 |       ||     4

Table legend: (Time is in decaauts)
 A = Elapsed time spent in this place.
 B = Non-inter-level travel time spent in this place.
 C = Inter-level travel time spent in this place.
 D = Time resting spent in this place.
 E = Time spent auto-exploring this place.
 F = Levels seen in this place.
 G = Mean time per level.
                   A        B        C        D        E       F      G
               +--------+--------+--------+--------+--------+-----+--------+
         Total |  22880 |  21258 |   1622 |   4759 |  13407 |  18 | 1271.1 |
       Dungeon |  16455 |  15173 |   1282 |   3560 |   9505 |  12 | 1371.2 |
        Temple |    244 |    188 |     56 |      0 |    181 |   1 |  244.0 |
          Lair |   6180 |   5898 |    282 |   1198 |   3720 |   5 | 1236.0 |
               +--------+--------+--------+--------+--------+-----+--------+

Top non-repeatable levels by time:
  Lair:2: 1983 daAuts
     D:3: 1816 daAuts
    D:10: 1786 daAuts
    D:11: 1771 daAuts
     D:9: 1725 daAuts
     D:8: 1668 daAuts
     D:6: 1628 daAuts
     D:2: 1275 daAuts
  Lair:4: 1274 daAuts
     D:4: 1212 daAuts
     D:5: 1078 daAuts
     D:7: 1073 daAuts
  Lair:3: 1065 daAuts
     D:1: 994 daAuts
  Lair:1: 932 daAuts
